[Event "55th Rubinstein Memorial-A 2019"]
[Site "Polanica-Zdroj"]
[Date "2019.08.22"]
[Round "6.2"]
[White "Marszalek, Maciej"]
[Black "Cukrowski, Filip"]
[Result "1-0"]
[ECO "E06"]
[WhiteElo "2295"]
[BlackElo "2424"]
[Annotator "NA"]
[PlyCount "117"]
[EventDate "2019.08.17"]
[EventType "swiss"]
[EventCountry "POL"]
[SourceTitle "playchess.com"]
[Source "ChessBase"]
[SourceQuality "1"]
[TimeControl "40/5400+30:1800+30"]

1. d4 Nf6 2. c4 e6 3. g3 d5 4. Nf3 Be7 5. Bg2 O-O 6. O-O dxc4 7. Qc2 a6 8. a4 Bd7 9. Qxc4 Bc6 10. Bf4 Nbd7 11. Nc3 Nd5 12. Nxd5 Bxd5 13. Qc2 Bc6 14. e4 Nf6 15. Rfe1 Nh5 16. Bd2 f5 17. d5 fxe4 18. dxc6 exf3 19. cxb7 Rb8 20. Bh3 Rxb7 21. Bxe6+ Kh8 22. Bc3 Bf6 23. Rad1 Qb8 24. Rd5 g6 25. Red1 c6 26. R5d3 Re7 27. Bg4 Re2 28. R3d2 Rxd2 29. Qxd2 Qb3 30. Qd6 Kg7 31. Be6 Qb8 32. Qxc6 Bxc3 33. Qxc3+ Nf6 34. Bg4 Rf7 35. Bxf3 h5 36. h4 Kh7 37. Kg2 Qb6 38. Qd4 Qb3 39. Bd5 Nxd5 40. Qxd5 Qxd5+ 41. Rxd5 Rb7 42. Rd6 Rxb2 43. Rxa6 Ra2 44. Kf3 Kg7 45. Ke3 Ra3+ 46. Kf4 Rc3 47. Re6 Kf7 48. Re4 Kf6 49. Rb4 Rd3 50. Ke4 Ra3 51. Kd5 Rd3+ 52. Rd4 Rc3 53. Rf4+ Ke7 54. Rc4 Rd3+ 55. Ke5 Rf3 56. Rc7+ Kf8 57. Rc2 Ke7 58. Ra2 Rf5+ 59. Ke4 1-0

[Event "55th Rubinstein Memorial-A 2019"]
[Site "Polanica-Zdroj"]
[Date "2019.08.22"]
[Round "6.3"]
[White "Goluch, Piotr"]
[Black "Kucza, Karol"]
[Result "1-0"]
[ECO "E10"]
[WhiteElo "2418"]
[BlackElo "2296"]
[Annotator "NA"]
[PlyCount "61"]
[EventDate "2019.08.17"]
[EventType "swiss"]
[EventCountry "POL"]
[SourceTitle "playchess.com"]
[Source "ChessBase"]
[SourceQuality "1"]
[TimeControl "40/5400+30:1800+30"]

1. d4 Nf6 2. c4 e6 3. Nf3 d5 4. g3 Bb4+ 5. Bd2 Be7 6. Bg2 O-O 7. O-O Nbd7 8. Qc2 c6 9. Bf4 b6 10. Rd1 Ba6 11. Ne5 Nxe5 12. dxe5 Nd7 13. cxd5 cxd5 14. e4 Rc8 15. Nc3 Bb4 16. exd5 exd5 17. Qf5 Bxc3 18. bxc3 Qe7 19. Bxd5 Nc5 20. Bg5 Qc7 21. Bf6 gxf6 22. exf6 Kh8 23. Rd4 Rg8 24. Rh4 Rg6 25. Qh3 Rxg3+ 26. hxg3 Bd3 27. Re1 Ne6 28. Be4 Bxe4 29. Rexe4 Ng5 30. Rxh7+ Nxh7 31. Rh4 1-0

[Event "55th Rubinstein Memorial-A 2019"]
[Site "Polanica-Zdroj"]
[Date "2019.08.22"]
[Round "6.4"]
[White "Kosakowski, Jakub"]
[Black "Zych, Marek"]
[Result "1-0"]
[ECO "A05"]
[WhiteElo "2401"]
[BlackElo "2061"]
[Annotator "NA"]
[PlyCount "101"]
[EventDate "2019.08.17"]
[EventType "swiss"]
[EventCountry "POL"]
[SourceTitle "playchess.com"]
[Source "ChessBase"]
[SourceQuality "1"]
[TimeControl "40/5400+30:1800+30"]

1. Nf3 Nf6 2. c4 g6 3. Nc3 d5 4. cxd5 Nxd5 5. e4 Nxc3 6. dxc3 Qxd1+ 7. Kxd1 f6 8. Kc2 e5 9. Nd2 Bc5 10. f3 Be6 11. a4 Be3 12. a5 Kf7 13. Be2 a6 14. Nc4 Bxc1 15. Rhxc1 Rd8 16. Ne3 Ke7 17. b4 c6 18. g3 Nd7 19. Rf1 Rf8 20. c4 Rac8 21. c5 Rfd8 22. f4 exf4 23. gxf4 Nf8 24. Kc3 Bf7 25. Bg4 Rb8 26. Rae1 Be6 27. f5 Bg8 28. e5 fxe5 29. f6+ Ke8 30. Nc4 Bxc4 31. Rxe5+ Be6 32. Bxe6 Nxe6 33. Rxe6+ Kf7 34. Re7+ Kg8 35. Rfe1 Rf8 36. Rg7+ Kh8 37. Ree7 Rxf6 38. Rxh7+ Kg8 39. Reg7+ Kf8 40. Rxb7 Rxb7 41. Rxb7 Rf3+ 42. Kc4 Rf4+ 43. Kb3 Rh4 44. Rb6 Rh3+ 45. Ka4 Rxh2 46. Rxa6 g5 47. Rxc6 Kf7 48. Rd6 g4 49. Rd3 Ke6 50. Kb5 Rh3 51. Rd1 {[%emt 0:00:24] Kd5} 1-0

[Event "55th Rubinstein Memorial-A 2019"]
[Site "Polanica-Zdroj"]
[Date "2019.08.22"]
[Round "6.5"]
[White "Oglaza, Oskar"]
[Black "Jaroch, Karol"]
[Result "1/2-1/2"]
[ECO "C18"]
[WhiteElo "2367"]
[BlackElo "2231"]
[Annotator "NA"]
[PlyCount "62"]
[EventDate "2019.08.17"]
[EventType "swiss"]
[EventCountry "POL"]
[SourceTitle "playchess.com"]
[Source "ChessBase"]
[SourceQuality "1"]
[TimeControl "40/5400+30:1800+30"]

1. e4 e6 2. d4 d5 3. Nc3 Bb4 4. e5 c5 5. a3 Bxc3+ 6. bxc3 Ne7 7. Qg4 Kf8 8. Qd1 Qc7 9. Nf3 Bd7 10. Bd3 Ba4 11. O-O h6 12. h4 Nd7 13. h5 Rc8 14. Ra2 Qa5 15. Bd2 Qb6 16. Be3 Qa5 17. Qb1 c4 18. Be2 Ke8 19. Qe1 Kd8 20. Nh4 Kc7 21. f4 g6 22. hxg6 fxg6 23. Bg4 Qb6 24. Bh3 Rcg8 25. Nf3 Nf8 26. g4 h5 27. g5 Nf5 28. Bf2 Rh7 29. Nd2 Qa5 30. Nf3 Qb6 31. Nd2 Qa5 1/2-1/2

[Event "55th Rubinstein Memorial-A 2019"]
[Site "Polanica-Zdroj"]
[Date "2019.08.22"]
[Round "6.6"]
[White "Luba, Lukasz"]
[Black "Lewtak, Damian"]
[Result "0-1"]
[ECO "A45"]
[WhiteElo "2130"]
[BlackElo "2354"]
[Annotator "NA"]
[PlyCount "68"]
[EventDate "2019.08.17"]
[EventType "swiss"]
[EventCountry "POL"]
[SourceTitle "playchess.com"]
[Source "ChessBase"]
[SourceQuality "1"]
[TimeControl "40/5400+30:1800+30"]

1. d4 Nf6 2. e3 d6 3. Nf3 g6 4. Bb5+ Nbd7 5. Bc4 e6 6. c3 Bg7 7. Nbd2 O-O 8. h3 Qe7 9. g4 d5 10. Bb3 c6 11. Ne5 Nxe5 12. dxe5 Nd7 13. f4 f6 14. exf6 Nxf6 15. Qe2 e5 16. f5 gxf5 17. g5 Ne4 18. Rg1 Nxg5 19. Qh5 Ne4 20. Nf3 Bd7 21. Ng5 Nxg5 22. Qxg5 Qxg5 23. Rxg5 Be6 24. Ke2 Rf6 25. Bd2 Rg6 26. h4 Bf6 27. Rxg6+ hxg6 28. Rg1 Kf7 29. e4 dxe4 30. Bxe6+ Kxe6 31. Rxg6 f4 32. Be1 Rh8 33. c4 Kf5 34. Rg1 Bxh4 0-1

[Event "55th Rubinstein Memorial-A 2019"]
[Site "Polanica-Zdroj"]
[Date "2019.08.22"]
[Round "6.7"]
[White "Kozak, Antoni"]
[Black "Domanski, Lukasz"]
[Result "1/2-1/2"]
[ECO "D22"]
[WhiteElo "2354"]
[BlackElo "2058"]
[Annotator "NA"]
[PlyCount "62"]
[EventDate "2019.08.17"]
[EventType "swiss"]
[EventCountry "POL"]
[SourceTitle "playchess.com"]
[Source "ChessBase"]
[SourceQuality "1"]
[TimeControl "40/5400+30:1800+30"]

1. d4 d5 2. c4 dxc4 3. Nf3 a6 4. e3 b5 5. a4 Bb7 6. axb5 axb5 7. Rxa8 Bxa8 8. b3 Nf6 9. bxc4 bxc4 10. Ba3 Nbd7 11. Bxc4 e6 12. Bxf8 Nxf8 13. Nbd2 N8d7 14. Qc2 c5 15. dxc5 Nxc5 16. Bb5+ Ncd7 17. Qc5 Qe7 18. Qc8+ Qd8 19. Qc5 Qe7 20. Qc8+ Qd8 21. Qxd8+ Kxd8 22. Ke2 Ke7 23. Ra1 Rb8 24. Ra5 Bd5 25. Bxd7 Bxf3+ 26. Nxf3 Nxd7 27. Ra7 Rb2+ 28. Nd2 Kd6 29. Kd3 Nc5+ 30. Kc3 Rb7 31. Rxb7 Ke5 1/2-1/2

[Event "55th Rubinstein Memorial-A 2019"]
[Site "Polanica-Zdroj"]
[Date "2019.08.22"]
[Round "6.8"]
[White "Shishkin, Vadim"]
[Black "Mazalon, Mariusz"]
[Result "0-1"]
[ECO "E70"]
[WhiteElo "2445"]
[BlackElo "2012"]
[Annotator "NA"]
[PlyCount "124"]
[EventDate "2019.08.17"]
[EventType "swiss"]
[EventCountry "POL"]
[SourceTitle "playchess.com"]
[Source "ChessBase"]
[SourceQuality "1"]
[TimeControl "40/5400+30:1800+30"]

1. d4 Nf6 2. c4 g6 3. Nc3 Bg7 4. e4 O-O 5. Be2 c6 6. e5 Ne8 7. f4 d6 8. Nf3 Nd7 9. O-O Nc7 10. Be3 c5 11. exd6 exd6 12. Qd2 Re8 13. Rfe1 Qe7 14. Bf1 Qf8 15. h3 Nf6 16. g4 b6 17. g5 Nh5 18. Bg2 Bb7 19. d5 Ng3 20. Bf2 Nf5 21. Nh2 Rxe1+ 22. Rxe1 Re8 23. Ne4 h5 24. gxh6 Nxh6 25. Ng4 f5 26. Nxh6+ Bxh6 27. Ng5 Bc8 28. h4 Bd7 29. Bf3 Rxe1+ 30. Bxe1 Qe7 31. h5 Bxg5 32. fxg5 gxh5 33. Bxh5 f4 34. Bh4 Qe5 35. Qe2 Ne8 36. Bf3 Kg7 37. Kh2 Qxe2+ 38. Bxe2 Kg6 39. Kg2 Ng7 40. Kf3 Kh5 41. Be1 Kxg5 42. Kf2 Bf5 43. b4 Be4 44. a4 Ne8 45. b5 Nf6 46. a5 Nd7 47. a6 Kf5 48. Bf1 Kg4 49. Be2+ Kg5 50. Bc3 Bc2 51. Bf1 Bd1 52. Bg7 Bg4 53. Bc3 Nf6 54. Bd3 Bf5 55. Bxf5 Kxf5 56. Ke2 Nd7 57. Bg7 Ke4 58. Bh6 Ne5 59. Bg5 Nxc4 60. Bd8 Kxd5 61. Bc7 Na3 62. Bxb6 Nxb5 0-1

[Event "55th Rubinstein Memorial-A 2019"]
[Site "Polanica-Zdroj"]
[Date "2019.08.22"]
[Round "6.9"]
[White "Niedbala, Bartlomiej"]
[Black "Mikhaletz, Lubomir"]
[Result "0-1"]
[ECO "B92"]
[WhiteElo "2169"]
[BlackElo "2412"]
[Annotator "NA"]
[PlyCount "128"]
[EventDate "2019.08.17"]
[EventType "swiss"]
[EventCountry "POL"]
[SourceTitle "playchess.com"]
[Source "ChessBase"]
[SourceQuality "1"]
[TimeControl "40/5400+30:1800+30"]

1. e4 c5 2. Nf3 d6 3. d4 Nf6 4. Nc3 cxd4 5. Nxd4 a6 6. Be2 e5 7. Nf3 Be7 8. Bg5 Be6 9. Bxf6 Bxf6 10. Nd5 Nd7 11. O-O O-O 12. Bc4 Rc8 13. Qe2 Nb6 14. Nxb6 Qxb6 15. Bxe6 fxe6 16. c3 Be7 17. Rad1 Qa5 18. a3 Qa4 19. g3 b5 20. Ne1 a5 21. Nd3 Qc4 22. Rde1 Rf6 23. Kg2 Rcf8 24. f3 Bd8 25. Qe3 Qc6 26. f4 Bb6 27. Qe2 exf4 28. Rxf4 e5 29. Rxf6 Rxf6 30. Rf1 Rxf1 31. Kxf1 Qc4 32. Ke1 h5 33. Nc1 g6 34. Qxc4+ bxc4 35. Ke2 Kf7 36. a4 Bg1 37. Kf3 g5 38. h3 Bc5 39. g4 h4 40. Na2 Ke6 41. Nc1 Kd7 42. Ne2 Kc6 43. Nc1 Bg1 44. b4 Bb6 45. Ne2 d5 46. b5+ Kd6 47. exd5 Kxd5 48. Nc1 Bc5 49. Ne2 e4+ 50. Kg2 Ke5 51. Nd4 e3 52. Kf3 Bxd4 53. cxd4+ Kxd4 54. b6 Kd3 55. b7 e2 56. b8=Q e1=Q 57. Qd8+ Kc2 58. Qxg5 Qf1+ 59. Ke4 Qxh3 60. Kd5 Qd3+ 61. Kc5 h3 62. Qh4 c3 63. g5 Kb3 64. g6 c2 {[%emt 0:00:13] Kd4} 0-1

[Event "55th Rubinstein Memorial-A 2019"]
[Site "Polanica-Zdroj"]
[Date "2019.08.22"]
[Round "6.10"]
[White "Vanduyfhuys, Daria"]
[Black "Mis, Mieszko"]
[Result "0-1"]
[ECO "E11"]
[WhiteElo "2160"]
[BlackElo "2296"]
[Annotator "NA"]
[PlyCount "76"]
[EventDate "2019.08.17"]
[EventType "swiss"]
[EventCountry "POL"]
[SourceTitle "playchess.com"]
[Source "ChessBase"]
[SourceQuality "1"]
[TimeControl "40/5400+30:1800+30"]

1. d4 Nf6 2. c4 e6 3. Nf3 Bb4+ 4. Bd2 c5 5. Nc3 cxd4 6. Nxd4 O-O 7. e3 Nc6 8. Nc2 Bxc3 9. Bxc3 Ne4 10. Qd3 d5 11. Be2 Qh4 12. O-O Nc5 13. Qd2 dxc4 14. Na3 Rd8 15. Qc2 e5 16. Nxc4 Qg5 17. Bxe5 Nxe5 18. f4 Qg6 19. f5 Qf6 20. Rad1 Rxd1 21. Qxd1 Nxc4 22. Bxc4 b5 23. Bxf7+ Kh8 24. Bd5 Bb7 25. Bxb7 Nxb7 26. Qd5 Qe7 27. Qd4 Qd6 28. Qe4 Rb8 29. Rc1 Qd2 30. Rf1 Nd6 31. Qf3 Qxb2 32. Rd1 Qf6 33. Qf4 Rd8 34. e4 Nf7 35. Rb1 Qd4+ 36. Qf2 a6 37. Re1 Ne5 38. Kf1 Qxf2+ 0-1

[Event "55th Rubinstein Memorial-A 2019"]
[Site "Polanica-Zdroj"]
[Date "2019.08.22"]
[Round "6.11"]
[White "Praczukowski, Stanislaw"]
[Black "Jaskolka, Tomasz"]
[Result "1/2-1/2"]
[ECO "D82"]
[WhiteElo "2126"]
[BlackElo "2227"]
[Annotator "NA"]
[PlyCount "60"]
[EventDate "2019.08.17"]
[EventType "swiss"]
[EventCountry "POL"]
[SourceTitle "playchess.com"]
[Source "ChessBase"]
[SourceQuality "1"]
[TimeControl "40/5400+30:1800+30"]

1. d4 Nf6 2. c4 g6 3. Nc3 d5 4. Bf4 Bg7 5. Rc1 c6 6. e3 O-O 7. Nf3 Qa5 8. Bd3 dxc4 9. Bxc4 Nd5 10. Be5 Nxc3 11. Rxc3 Nd7 12. Bxg7 Kxg7 13. O-O Nb6 14. Bb3 Bg4 15. h3 Bxf3 16. Qxf3 Qf5 17. Qxf5 gxf5 18. a4 Nc8 19. d5 Nd6 20. dxc6 bxc6 21. Rxc6 Rab8 22. Bd5 Rxb2 23. Rc7 Rd2 24. Bf3 Kf6 25. Rxa7 Rb8 26. a5 Ra2 27. Bd5 Rd2 28. Bf3 Ra2 29. Bd5 Rd2 30. Bf3 Ra2 1/2-1/2

[Event "55th Rubinstein Memorial-A 2019"]
[Site "Polanica-Zdroj"]
[Date "2019.08.22"]
[Round "6.12"]
[White "Kaczmarek, Arkadiusz"]
[Black "Lukasiewicz, Krzysztof"]
[Result "1/2-1/2"]
[ECO "D38"]
[WhiteElo "1986"]
[BlackElo "2185"]
[Annotator "NA"]
[PlyCount "68"]
[EventDate "2019.08.17"]
[EventType "swiss"]
[EventCountry "POL"]
[SourceTitle "playchess.com"]
[Source "ChessBase"]
[SourceQuality "1"]
[TimeControl "40/5400+30:1800+30"]

1. d4 Nf6 2. c4 e6 3. Nf3 d5 4. Nc3 Bb4 5. Qb3 c5 6. cxd5 exd5 7. dxc5 Nc6 8. Bg5 h6 9. Bxf6 Qxf6 10. O-O-O Bxc3 11. Qxc3 Qxc3+ 12. bxc3 Be6 13. Nd4 Rc8 14. Nb3 Ne5 15. e3 O-O 16. Bb5 a6 17. Be2 Nd7 18. Rd4 Nxc5 19. Nxc5 Rxc5 20. Kb2 Rfc8 21. Rc1 Kf8 22. Bd3 Ke7 23. Rc2 R8c7 24. Rc1 Bd7 25. a4 b5 26. a5 Be6 27. Rc2 Kf6 28. Rb4 Ke5 29. Rc1 Bf5 30. Be2 Be4 31. g3 R7c6 32. f3 Bg6 33. Bf1 Ke6 34. Kb3 Ke7 1/2-1/2

[Event "55th Rubinstein Memorial-A 2019"]
[Site "Polanica-Zdroj"]
[Date "2019.08.22"]
[Round "6.13"]
[White "Psyk, Radoslaw"]
[Black "Rogacewicz, Mikolaj"]
[Result "1-0"]
[ECO "C06"]
[WhiteElo "2326"]
[BlackElo "1925"]
[Annotator "NA"]
[PlyCount "123"]
[EventDate "2019.08.17"]
[EventType "swiss"]
[EventCountry "POL"]
[SourceTitle "playchess.com"]
[Source "ChessBase"]
[SourceQuality "1"]
[TimeControl "40/5400+30:1800+30"]

1. e4 e6 2. d4 d5 3. Nd2 Nf6 4. e5 Nfd7 5. Bd3 c5 6. c3 cxd4 7. cxd4 Nc6 8. Ne2 f6 9. exf6 Nxf6 10. O-O Bd6 11. Nf3 Qc7 12. Bg5 O-O 13. Nc3 a6 14. Bh4 g6 15. Bg3 Nh5 16. Bxd6 Qxd6 17. Re1 Bd7 18. Ne5 Rf6 19. g3 Re8 20. Qg4 Kg7 21. Re2 Ref8 22. Rae1 b5 23. Nb1 Nb4 24. Qg5 Bc8 25. a3 Nxd3 26. Nxd3 Rf5 27. Qc1 R5f7 28. Ne5 Rc7 29. Rc2 Rxc2 30. Qxc2 Nf6 31. Nd2 Bd7 32. Nb3 Rc8 33. Nc5 Be8 34. Qd2 Nd7 35. Ncxd7 Bxd7 36. h4 Be8 37. Ng4 Bf7 38. Qh6+ Kh8 39. Qg5 Qf8 40. Ne5 Be8 41. Re3 Qg7 42. Rf3 Rc7 43. Qd8 Qe7 44. Rf8+ Qxf8 45. Qxc7 b4 46. axb4 Qxb4 47. Qc8 Qe7 48. Qxa6 Kg7 49. Qb6 h5 50. Kg2 Kf6 51. Qb8 g5 52. Nf3 gxh4 53. Qe5+ Kg6 54. Nxh4+ Kh7 55. Nf3 Bf7 56. Qf4 Bg6 57. Ng5+ Kg8 58. Qb8+ Be8 59. Qe5 Bf7 60. Kh3 Bg6 61. Nxe6 Bf5+ 62. Qxf5 1-0

[Event "55th Rubinstein Memorial-A 2019"]
[Site "Polanica-Zdroj"]
[Date "2019.08.22"]
[Round "6.14"]
[White "Lapaj, Mateusz"]
[Black "Hetzer, Volkhard"]
[Result "1-0"]
[ECO "D15"]
[WhiteElo "2233"]
[BlackElo "1931"]
[Annotator "NA"]
[PlyCount "65"]
[EventDate "2019.08.17"]
[EventType "swiss"]
[EventCountry "POL"]
[SourceTitle "playchess.com"]
[Source "ChessBase"]
[SourceQuality "1"]
[TimeControl "40/5400+30:1800+30"]

1. d4 d5 2. Nf3 Nf6 3. c4 c6 4. Nc3 a6 5. c5 Nbd7 6. Bf4 Nh5 7. e3 Nxf4 8. exf4 Nf6 9. Ne5 g6 10. Bd3 Bf5 11. Bxf5 gxf5 12. O-O Bg7 13. Re1 O-O 14. Re3 Kh8 15. Rh3 e6 16. Ne2 Ne4 17. f3 Nf6 18. Qe1 Ne8 19. Kh1 Rc8 20. g4 fxg4 21. fxg4 Kg8 22. g5 f6 23. Nf3 Rc7 24. Qh4 Kf7 25. g6+ Ke7 26. gxh7 Kd7 27. Rg1 Rh8 28. f5 e5 29. dxe5 fxe5 30. Rxg7+ Nxg7 31. Nxe5+ Kc8 32. Qxd8+ Kxd8 33. Ng6 1-0

[Event "55th Rubinstein Memorial-A 2019"]
[Site "Polanica-Zdroj"]
[Date "2019.08.22"]
[Round "6.15"]
[White "Majek, Kacper"]
[Black "Wisniewski, Michal"]
[Result "1/2-1/2"]
[ECO "A05"]
[WhiteElo "1984"]
[BlackElo "2130"]
[Annotator "NA"]
[PlyCount "101"]
[EventDate "2019.08.17"]
[EventType "swiss"]
[EventCountry "POL"]
[SourceTitle "playchess.com"]
[Source "ChessBase"]
[SourceQuality "1"]
[TimeControl "40/5400+30:1800+30"]

1. Nf3 Nf6 2. g3 d5 3. Bg2 Bf5 4. O-O e6 5. d3 h6 6. Nbd2 Be7 7. Qe1 Nbd7 8. e4 dxe4 9. dxe4 Bh7 10. Nd4 c6 11. N4b3 e5 12. f4 O-O 13. Nc4 b5 14. Nxe5 Nxe5 15. fxe5 Nd7 16. e6 fxe6 17. Rxf8+ Nxf8 18. Be3 Qc7 19. Qf2 Nd7 20. Rd1 e5 21. Qe2 Nf6 22. Nc5 Rd8 23. Rf1 Bxc5 24. Bxc5 Qd7 25. Qe3 a6 26. Bf3 Bg6 27. Bb6 Qd2 28. Qc5 Qd6 29. Qc3 Rd7 30. Bc5 Qe6 31. Re1 Kh7 32. b3 h5 33. Qe3 Ng4 34. Qe2 Nf6 35. Qe3 Ng4 36. Qc3 Nf6 37. Bg2 h4 38. gxh4 Qg4 39. h3 Qxh4 40. Bf2 Qg5 41. h4 Qg4 42. Qxe5 Rd1 43. Qg3 Qe2 44. Bf3 Rxe1+ 45. Bxe1 Qxc2 46. e5 Nd5 47. Qf2 Qf5 48. Bxd5 cxd5 49. Qxf5 Bxf5 50. Kf2 {[%emt 0:00:48] Kf3} d4 51. Kf3 1/2-1/2

[Event "55th Rubinstein Memorial-A 2019"]
[Site "Polanica-Zdroj"]
[Date "2019.08.22"]
[Round "6.16"]
[White "Kopica, Paulina"]
[Black "Slomczewski, Michal"]
[Result "0-1"]
[ECO "B44"]
[WhiteElo "1932"]
[BlackElo "2115"]
[Annotator "NA"]
[PlyCount "70"]
[EventDate "2019.08.17"]
[EventType "swiss"]
[EventCountry "POL"]
[SourceTitle "playchess.com"]
[Source "ChessBase"]
[SourceQuality "1"]
[TimeControl "40/5400+30:1800+30"]

1. e4 c5 2. Nf3 e6 3. d4 cxd4 4. Nxd4 Nc6 5. Nxc6 bxc6 6. Bd3 Nf6 7. O-O d5 8. Nd2 Be7 9. b3 Nd7 10. Bb2 Bf6 11. Bxf6 Qxf6 12. f4 Qd4+ 13. Kh1 Nc5 14. Nf3 Qe3 15. Qd2 Qxd2 16. Nxd2 Ba6 17. Bxa6 Nxa6 18. c3 Ke7 19. Kg1 Nc5 20. e5 Nd7 21. Nf3 a5 22. Rfd1 Rhc8 23. c4 a4 24. Nd4 f6 25. exf6+ gxf6 26. Nf3 axb3 27. axb3 Rxa1 28. Rxa1 e5 29. fxe5 fxe5 30. Ra5 Kd6 31. Kf2 Nc5 32. Nxe5 Ne4+ 33. Ke3 Kxe5 34. b4 Rb8 35. b5 Nd6 {[%emt 0:00:39] Kd4+} 0-1

[Event "55th Rubinstein Memorial-A 2019"]
[Site "Polanica-Zdroj"]
[Date "2019.08.22"]
[Round "6.17"]
[White "Szczurek, Krzysztof"]
[Black "Hasterok, Mateusz"]
[Result "1-0"]
[ECO "A04"]
[WhiteElo "2112"]
[BlackElo "1911"]
[Annotator "NA"]
[PlyCount "51"]
[EventDate "2019.08.17"]
[EventType "swiss"]
[EventCountry "POL"]
[SourceTitle "playchess.com"]
[Source "ChessBase"]
[SourceQuality "1"]
[TimeControl "40/5400+30:1800+30"]

1. Nf3 f5 2. g3 Nf6 3. Bg2 g6 4. O-O Bg7 5. d4 O-O 6. c4 d6 7. Nc3 Qe8 8. Bg5 c6 9. Bxf6 Bxf6 10. e4 e5 11. Re1 f4 12. gxf4 exf4 13. e5 dxe5 14. Ne4 Nd7 15. Nxf6+ Rxf6 16. dxe5 Rf5 17. Bh3 Nc5 18. e6 Rf6 19. Qd6 b6 20. Rad1 a5 21. Qd8 Rf8 22. Qh4 Ra7 23. e7 Rxe7 24. Rxe7 Qxe7 25. Qxe7 Bxh3 26. Ng5 1-0

[Event "55th Rubinstein Memorial-A 2019"]
[Site "Polanica-Zdroj"]
[Date "2019.08.22"]
[Round "6.18"]
[White "Goraj, Barbara"]
[Black "Malicka, Maria"]
[Result "1/2-1/2"]
[ECO "C88"]
[WhiteElo "1800"]
[BlackElo "2062"]
[Annotator "NA"]
[PlyCount "88"]
[EventDate "2019.08.17"]
[EventType "swiss"]
[EventCountry "POL"]
[SourceTitle "playchess.com"]
[Source "ChessBase"]
[SourceQuality "1"]
[TimeControl "40/5400+30:1800+30"]

1. e4 e5 2. Nf3 Nc6 3. Bb5 a6 4. Ba4 Nf6 5. O-O Be7 6. Re1 b5 7. Bb3 d6 8. a4 b4 9. d4 Bg4 10. dxe5 Nxe5 11. Nbd2 O-O 12. Qe2 Re8 13. Qe3 Bf8 14. Nxe5 dxe5 15. Bc4 Qd6 16. Nb3 Rad8 17. f3 Be6 18. Bf1 Qc6 19. Qf2 Bxb3 20. cxb3 Bc5 21. Be3 Bxe3 22. Qxe3 Rd4 23. Rac1 Qb6 24. Rc2 c5 25. g3 Rc8 26. Kh1 Qd6 27. Qe2 c4 28. Rec1 Rd8 29. Rxc4 Rd2 30. Qe3 Rxb2 31. R4c2 Rxc2 32. Rxc2 h6 33. Be2 Nh7 34. Qc5 Ng5 35. h4 Ne6 36. Qxd6 Rxd6 37. Rc8+ Kh7 38. Bc4 Kg6 39. Bxe6 fxe6 40. Rb8 a5 41. Rb5 Rd3 42. Kg2 Kf6 43. Rxa5 Rxb3 44. Rb5 Rb1 1/2-1/2

[Event "55th Rubinstein Memorial-A 2019"]
[Site "Polanica-Zdroj"]
[Date "2019.08.22"]
[Round "6.19"]
[White "Rosicki, Marcin"]
[Black "Rak, Maciej"]
[Result "1-0"]
[ECO "B20"]
[WhiteElo "2042"]
[BlackElo "1779"]
[Annotator "NA"]
[PlyCount "79"]
[EventDate "2019.08.17"]
[EventType "swiss"]
[EventCountry "POL"]
[SourceTitle "playchess.com"]
[Source "ChessBase"]
[SourceQuality "1"]
[TimeControl "40/5400+30:1800+30"]

1. e4 c5 2. c4 e6 3. Nf3 a6 4. d4 cxd4 5. Nxd4 Nf6 6. Nc3 Bb4 7. Bd3 Qc7 8. O-O Nc6 9. Nxc6 dxc6 10. a3 Bc5 11. b4 Bd4 12. Bd2 h5 13. Rc1 Ng4 14. g3 Nxf2 15. Rxf2 e5 16. Kg2 Bg4 17. Be2 Bxf2 18. Bxg4 hxg4 19. Kxf2 Rd8 20. Kg2 Qd6 21. Be3 Qd3 22. Bb6 Qxd1 23. Rxd1 Rd7 24. Rxd7 Kxd7 25. Nd1 Ke6 26. Ne3 g6 27. Nxg4 f5 28. Nf2 Rh7 29. exf5+ Kxf5 30. Be3 e4 31. g4+ Ke5 32. Nh3 Rf7 33. Ng5 Rd7 34. h4 Rd3 35. Kf2 Rxa3 36. h5 gxh5 37. gxh5 Kf5 38. h6 Ra2+ 39. Kg3 b5 40. h7 1-0

[Event "55th Rubinstein Memorial-A 2019"]
[Site "Polanica-Zdroj"]
[Date "2019.08.22"]
[Round "6.20"]
[White "Czarniecka, Aleksandra"]
[Black "Wieczorek, Mikolaj"]
[Result "1/2-1/2"]
[ECO "B20"]
[WhiteElo "2042"]
[BlackElo "1709"]
[Annotator "NA"]
[PlyCount "108"]
[EventDate "2019.08.17"]
[EventType "swiss"]
[EventCountry "POL"]
[SourceTitle "playchess.com"]
[Source "ChessBase"]
[SourceQuality "1"]
[TimeControl "40/5400+30:1800+30"]

1. e4 c5 2. b3 Nc6 3. Bb2 e5 4. Nf3 d6 5. Bc4 g6 6. Nc3 Bg7 7. d3 Nge7 8. O-O O-O 9. Nd5 Nxd5 10. Bxd5 Ne7 11. Bc4 Nc6 12. Qd2 h6 13. h3 Kh7 14. Nh2 h5 15. Nf3 Bh6 16. Qe2 f5 17. exf5 gxf5 18. Bc1 f4 19. Bd5 Bf5 20. c3 Qe7 21. Be4 Rad8 22. d4 exd4 23. Bxf5+ Rxf5 24. Qd3 Qf6 25. Nh4 Rf8 26. Qxf5+ Qxf5 27. Nxf5 Rxf5 28. cxd4 Nxd4 29. Re1 Rf7 30. Re8 Bg7 31. Rb1 Be5 32. Kf1 h4 33. Bb2 f3 34. Bxd4 Bxd4 35. g3 hxg3 36. fxg3 Rg7 37. g4 Kg6 38. h4 f2 39. Rd1 Rf7 40. Re6+ Kg7 41. Re4 Rf3 42. Kg2 Rf7 43. h5 d5 44. Re6 Rf4 45. Rg6+ Kf7 46. Rg5 Re4 47. Kf1 Kf6 48. Rg6+ Kf7 49. Rg5 Kf6 50. Rg6+ Kf7 51. Rxd4 cxd4 52. g5 Re5 53. Rf6+ Kg8 54. Rg6+ Kf7 1/2-1/2

[Event "55th Rubinstein Memorial-A 2019"]
[Site "Polanica-Zdroj"]
[Date "2019.08.22"]
[Round "6.21"]
[White "Stachecki, Mikolaj"]
[Black "Betkowski, Andrzej"]
[Result "1/2-1/2"]
[ECO "C02"]
[WhiteElo "1765"]
[BlackElo "2023"]
[Annotator "NA"]
[PlyCount "70"]
[EventDate "2019.08.17"]
[EventType "swiss"]
[EventCountry "POL"]
[SourceTitle "playchess.com"]
[Source "ChessBase"]
[SourceQuality "1"]
[TimeControl "40/5400+30:1800+30"]

1. e4 e6 2. d4 d5 3. e5 c5 4. c3 Nc6 5. Nf3 Bd7 6. a3 f6 7. Bd3 Qc7 8. O-O O-O-O 9. Re1 c4 10. Bc2 h6 11. b3 fxe5 12. Nxe5 Nxe5 13. dxe5 cxb3 14. Bxb3 Bc5 15. Be3 Ne7 16. Bd4 Nf5 17. Bc2 Rhf8 18. a4 Kb8 19. Bxf5 Rxf5 20. Nd2 Rdf8 21. f3 a6 22. Nb3 Ba7 23. Rb1 Qxc3 24. Rc1 Qb4 25. Nc5 Bxa4 26. Qd3 Bb5 27. Qe3 Re8 28. Nxa6+ Bxa6 29. Bxa7+ Ka8 30. Ra1 Rc8 31. Reb1 Qc3 32. Qb6 Qc6 33. Qe3 Qc3 34. Qb6 Qc6 35. Qe3 Rff8 1/2-1/2

[Event "55th Rubinstein Memorial-A 2019"]
[Site "Polanica-Zdroj"]
[Date "2019.08.22"]
[Round "6.22"]
[White "Wysocki, Mateusz"]
[Black "Siekanski, Janusz"]
[Result "1/2-1/2"]
[ECO "B81"]
[WhiteElo "1786"]
[BlackElo "2263"]
[Annotator "NA"]
[PlyCount "69"]
[EventDate "2019.08.17"]
[EventType "swiss"]
[EventCountry "POL"]
[SourceTitle "playchess.com"]
[Source "ChessBase"]
[SourceQuality "1"]
[TimeControl "40/5400+30:1800+30"]

1. e4 c5 2. Nf3 e6 3. d4 cxd4 4. Nxd4 Nf6 5. Nc3 d6 6. g4 Nc6 7. g5 Nd7 8. Be3 Be7 9. h4 O-O 10. Qd2 Nde5 11. Be2 Nxd4 12. Bxd4 Nc6 13. Be3 Qa5 14. f4 Rd8 15. Bf3 d5 16. exd5 Bb4 17. O-O exd5 18. a3 Bxc3 19. Qxc3 Qxc3 20. bxc3 Bf5 21. Rad1 Be4 22. Kf2 b6 23. Bxe4 dxe4 24. c4 f5 25. gxf6 gxf6 26. c5 bxc5 27. Bxc5 Kf7 28. f5 Ne5 29. Rxd8 Rxd8 30. Re1 Rc8 31. Bxa7 Rxc2+ 32. Kg3 Rc3+ 33. Re3 Nd3 34. a4 Ra3 35. Bd4 1/2-1/2